 Dungeon Crawl Stone Soup version 0.28.0-45-g0d030f2227 (webtiles) character file.

Game seed: 13184442667803365610

81 Icepheonix32 the Firebug (level 4, -4/24 HPs)
             Began as a Tengu Fire Elementalist on Apr 16, 2022.
             Killed from afar by an orc wizard (7 damage)
             ... with a puff of flame
             ... on level 3 of the Dungeon.
             The game lasted 00:02:32 (2311 turns).

Icepheonix32 the Firebug (Tengu Fire Elementalist)  Turns: 2311, Time: 00:02:33

Health: -4/24      AC:  2    Str:  8    XL:     4   Next: 42%
Magic:  3/8        EV: 13    Int: 18    God:
Gold:   57         SH:  0    Dex: 14    Spells: 6/7 levels left

rFire   . . .      SeeInvis .   (no weapon)
rCold   . . .      Faith    .   (no shield)
rNeg    . . .      Spirit   .   a - +0 robe
rPois   .          Reflect  .   (helmet restricted)
rElec   .          Harm     .   (no cloak)
rCorr   .          Rampage  .   (no gloves)
Will    .....                   (boots unavailable)
Stlth   ++........              (no amulet)
HPRegen 0.08/turn               (no ring)
MPRegen 0.11/turn               (no ring)

@: weak-willed
A: beak, talons 3
a: no special abilities


You were on level 3 of the Dungeon.
You visited 1 branch of the dungeon, and saw 3 of its levels.

You collected 57 gold pieces.

Inventory:

Missiles
 b - 5 silver javelins
 e - 9 poisoned darts
Armour
 a - a +0 robe (worn)
Jewellery
 k - a ring of positive energy
 l - an amulet of faith
 m - an amulet of magic regeneration
Scrolls
 g - a scroll of blinking {unknown}
 h - 2 scrolls of identify {unknown}
 j - a scroll of teleportation {unknown}
Potions
 c - a potion of heal wounds
 f - 2 potions of flight {unknown}
 i - a potion of mutation {unknown}


   Skills:
 * Level 3.0 Dodging
 - Level 2.0 Stealth
 - Level 2.0 Spellcasting
 + Level 2.6 Conjurations
 + Level 4.7 Fire Magic


You had 6 spell levels left.
You knew the following spells:

 Your Spells              Type           Power      Damage    Failure   Level
a - Foxfire               Conj/Fire      60%        2x1d7     4%          1

Your spell library contained the following spells:

 Spells                   Type           Power      Damage    Failure   Level
 Scorch                   Fire           36%        2d6       4%          2
 Conjure Flame            Conj/Fire      15%        6-21      12%         3
 Inner Flame              Hex/Fire       10%        N/A       21%         3
 Flame Wave               Conj/Fire      15%        2d6       36%         4


Dungeon Overview and Level Annotations

Branches:
Dungeon (3/15)

Altars:


Innate Abilities, Weirdness & Mutations

You have a beak for a mouth.
You have claws for feet.


Message History

Unknown command.
Casting: Foxfire (safe; 4% risk of failure)
Confirm with . or Enter, or press ? or * to list all spells.
You conjure some foxfire!
Unknown command.
The foxfire hits something.
Something hits you.
* * * LOW HITPOINT WARNING * * *
Casting: Foxfire (safe; 4% risk of failure)
Confirm with . or Enter, or press ? or * to list all spells.
You conjure some foxfire!
The foxfire hits something but does no damage.
Unknown command.
It was a potion of heal wounds.
You feel much better. The orc completely misses you.
You hit the orc but do no damage. Something hits you.
The orc hits you with a +0 hand axe.
Casting: Foxfire (safe; 4% risk of failure)
Confirm with . or Enter, or press ? or * to list all spells.
Nothing appears to happen.
You hear some strange, mumbled words.
A puff of flame appears from out of thin air!
The puff of flame hits you. The orc hits you with a +0 hand axe.
You hit the orc.
The orc is lightly wounded.
Something hits you. The orc misses you.
Casting: Foxfire (safe; 4% risk of failure)
Confirm with . or Enter, or press ? or * to list all spells.
Nothing appears to happen.
You hear some strange, mumbled words.
A puff of flame appears from out of thin air!
The puff of flame hits you!
* * * LOW HITPOINT WARNING * * *
The orc barely misses you.
As you read the scroll labelled GYNEESHR CUSS, it crumbles to dust.
Magic quickly surges around you.
It was a scroll of vulnerability.
Something hits you but does no damage.
You hear some strange, mumbled words.
A puff of flame appears from out of thin air!
The puff of flame hits you!
You die...

##############♣♣♣♣
#@{..........'....
#o##.#########♣###
#o##.# #g##.# #
#.##.# ..
#.##.####?..
#...........
#.##.##$....
#...o.......


You could see 2 orcs and a hobgoblin (weak-willed).

Vanquished Creatures
  Natasha (twice) (D:2)
  2 orcs (D:3)
  3 ball pythons
  An endoplasm (D:1)
  4 giant cockroaches
  2 goblins (D:1)
  5 hobgoblins
  2 jackals (D:2)
  4 kobolds
  3 frilled lizards (D:1)
28 creatures vanquished.

Vanquished Creatures (others)
  105 foxfires
105 creatures vanquished.

Grand Total: 133 creatures vanquished

Notes
Turn   | Place    | Note
-------+----------+-------------------------------------------
     0 | D:1      | Icepheonix32 the Tengu Fire Elementalist began the quest
                  | for the Orb.
     0 | D:1      | Reached XP level 1. HP: 10/10 MP: 4/4
   284 | D:1      | Reached XP level 2. HP: 12/15 MP: 3/6
  1041 | D:2      | Reached skill level 4 in Fire Magic
  1304 | D:2      | Reached XP level 3. HP: 19/19 MP: 3/7
  1473 | D:2      | Noticed Natasha
  1482 | D:2      | Killed Natasha
  1832 | D:2      | Noticed Natasha
  1837 | D:2      | Killed Natasha
  1838 | D:2      | Reached XP level 4. HP: 24/24 MP: 2/8
  2311 | D:3      | Killed from afar by an orc wizard

Illustrated notes

Levels and vault maps discovered:
D:1:      mrwooster_arrival_arrow, layout_basic, minmay_heptomino_h4
D:2:      layout_basic, uniq_natasha
D:3:      minmay_roachtagon, layout_basic, dreamdust_ecumenical_altar_grove,
          grunt_ministairs_7, chequers_serial_rivers_micro_c,
          kennysheep_small_spiral, minmay_misc_feat_square,
          chequers_serial_rivers_micro_d

Skill      XL: |  1  2  3 |
---------------+----------+-----
Fire Magic     | 4 |  4.7
Conjurations   | 2 |  2.6
Dodging        | 3 |  3.0
Stealth        | |  2.0
Spellcasting   | |  2.0

Action                   |  1- 3 |  4- 6 || total
-------------------------+-------+-------++-------
Melee: Unarmed           |    22 |     4 ||    26
       Kick              |     7 |       ||     7
       Peck              |     6 |       ||     6
 Cast: Foxfire           |    49 |    16 ||    65
  Use: Scroll            |       |     1 ||     1
       Potion            |       |     1 ||     1
 Stab: Sleeping          |     1 |       ||     1
Armor: Robe              |     6 |     3 ||     9
Dodge: Dodged            |    22 |     7 ||    29
